 Dungeon Crawl Stone Soup version 0.21.1-1-g345015f (webtiles) character file.

127 inc the Sneak (level 5, -4/31 HPs)
             Began as an Octopode Enchanter on Apr 23, 2018.
             Slain by a scorpion (5 damage)
             ... on level 4 of the Dungeon.
             The game lasted 00:03:32 (2295 turns).

inc the Sneak (Octopode Enchanter)                  Turns: 2295, Time: 00:03:33

Health: -4/31      AC:  1    Str:  7    XL:     5   Next: 11%
Magic:  10/10      EV: 13    Int: 19    God:
Gold:   135        SH:  0    Dex: 12    Spells: 5/11 levels left

rFire    . . .     SeeInvis .   a - +1 dagger
rCold    . . .     Gourm    .   (no shield)
rNeg     . . .     Faith    .   (helmet restricted)
rPois    .         Spirit   .   (no amulet)
rElec    .         Reflect  .   i - ring of wizardry
rCorr    .         Harm     .   (no ring)
MR       .....                  (no ring)
Stlth    +++.......             (no ring)
HPRegen  0.10/turn              (no ring)
MPRegen  0.12/turn              (no ring)
                                (no ring)
                                (no ring)

@: lethally poisoned (-4 -> -33)
A: almost no armour, stealthy swim, amphibious, 8 rings, constrict 8, camouflage
1, gelatinous body 1
a: no special abilities


You were on level 4 of the Dungeon.
You were not hungry.

You visited 1 branch of the dungeon, and saw 4 of its levels.

You collected 135 gold pieces.

Inventory:

Hand Weapons
 a - a +1 dagger (weapon)
Jewellery
 i - a ring of wizardry (left tentacle)
Wands
 p - a wand of disintegration (15)
Scrolls
 f - 3 scrolls of teleportation
 j - a scroll of remove curse
 m - a scroll of enchant weapon {unknown}
Potions
 d - a potion of resistance {unknown}
 e - a potion of haste
 g - a potion of curing {unknown}
 h - 4 potions of degeneration
 k - a potion of brilliance {unknown}
 l - a potion of might {unknown}
 o - a potion of flight {unknown}
Books
 b - a book of Maledictions

   Spells                             Type                      Level
   a - Corona                         Hexes                        1
   b - Ensorcelled Hibernation        Hexes/Ice                    2
   c - Confuse                        Hexes                        3
   d - Tukima's Dance                 Hexes                        3
   e - Dazzling Spray                 Conjuration/Hexes            3
Comestibles
 c - 6 rations
 q - a chunk of flesh


   Skills:
 - Level 3.0 Short Blades
 - Level 2.0 Dodging
 - Level 4.0 Stealth
 + Level 3.8 Spellcasting
 - Level 3.0 Hexes


You had 5 spell levels left.
You knew the following spells:

 Your Spells              Type           Power        Failure   Level  Hunger
a - Corona                Hex            ###....      1%          1    None
b - Ensorcelled Hibernat  Hex/Ice        #.....       4%          2    ##.....
c - Confuse               Hex            ###.....     4%          3    ###....


Dungeon Overview and Level Annotations

Branches:
Dungeon (3/15)

Altars:
Dithmenos
Sif Muna
Yredelemnul

Shops:
D:4 [


Innate Abilities, Weirdness & Mutations

You cannot wear most types of armour.
You are very stealthy in the water. (Stealth+)
You are amphibious.
You can wear up to eight rings at the same time.
You can use your tentacles to constrict eight enemies at once.
Your skin changes colour to match your surroundings (Stealth+).
Your rubbery body absorbs attacks. (AC +1, EV +1)


Message History

You hit the scorpion but do no damage.
The scorpion is heavily wounded.
You constrict the scorpion, but do no damage.
You feel sick. The scorpion stings you.
* * * LOW HITPOINT WARNING * * *
You are more poisoned.
The scorpion poisons you!
You hit the scorpion but do no damage.
The scorpion is heavily wounded.
You constrict the scorpion.
* * * LOW HITPOINT WARNING * * *
You feel sick. The scorpion stings you.
* * * LOW HITPOINT WARNING * * *
You hit the scorpion but do no damage. Your squeeze misses the scorpion.
The scorpion is heavily wounded.
You constrict the scorpion, but do no damage.
* * * LOW HITPOINT WARNING * * *
You feel very sick. The scorpion stings you.
You die...

##+##########
#...........#
#..[....%...#
#...........##
#.............
#.............
#.............
#.....@.....?.
#.....s..#####
#........#.:$_
#........#....
#........#..##
#######..#..#
..#..# ..#Z..


You could see a scorpion and a centaur zombie (dormant).

Vanquished Creatures
  2 hounds (D:4)
  2 dart slugs
  2 worms (D:2)
  4 leopard geckos
  A ball python (D:1)
  3 giant cockroaches
  6 goblins
  7 hobgoblins
  4 jackals (D:2)
  5 quokkas
  4 bats
  2 frilled lizards (D:1)
  4 kobolds
  A quokka skeleton (D:4)
  4 rats
51 creatures vanquished.

Notes
Turn   | Place    | Note
-------+----------+-------------------------------------------
     0 | D:1      | inc the Octopode Enchanter began the quest for the Orb.
     0 | D:1      | Reached XP level 1. HP: 11/11 MP: 3/3
   368 | D:1      | Reached XP level 2. HP: 17/17 MP: 5/5
  1008 | D:2      | Reached XP level 3. HP: 11/21 MP: 6/6
  1211 | D:1      | Learned a level 2 spell: Ensorcelled Hibernation
  1215 | D:1      | Learned a level 3 spell: Confuse
  1561 | D:2      | HP: 1/21 [bat (1)]
  2029 | D:3      | Reached XP level 4. HP: 27/27 MP: 8/8
  2043 | D:3      | You fall through a shaft!
  2045 | D:4      | Found Caxzoimp's Armour Boutique.
  2098 | D:4      | Found a deep blue altar of Sif Muna.
  2102 | D:4      | Found a shadowy altar of Dithmenos.
  2271 | D:4      | Reached XP level 5. HP: 26/31 MP: 10/10
  2285 | D:4      | Found a basalt altar of Yredelemnul.
  2295 | D:4      | HP: 1/31 [poisoned by a scorpion]
  2295 | D:4      | Slain by a scorpion

Skill      XL: |  1  2  3  4 |
---------------+-------------+-----
Short Blades   | 2 3 |  3.0
Spellcasting   | 3 |  3.8
Dodging        | |  2.0
Stealth        | |  4.0
Hexes          | |  3.0

Action                   |  1- 3 |  4- 6 || total
-------------------------+-------+-------++-------
Melee: Dagger            |    77 |    34 ||   111
       Constrict         |    14 |     7 ||    21
       Tentacles         |    11 |     2 ||    13
 Cast: Ensorcelled Hiber |     8 |       ||     8
  Use: Scroll            |       |     4 ||     4
 Stab: Sleeping          |    18 |     3 ||    21
  Eat: Chunk             |     4 |     1 ||     5
Armor: Skin              |     5 |     3 ||     8
Dodge: Dodged            |    45 |    17 ||    62
